 Dungeon Crawl Stone Soup version 0.26-a0-774-g1415c89e12 (webtiles) character file.

Game seed: 16282648494196560971

62 Kinoniko the Skirmisher (level 3, -2/33 HPs)
             Began as a Draconian Berserker on Nov 9, 2020.
             Was a Believer of Trog.
             Engulfed by a cloud of flame (28 damage)
             ... on level 2 of the Dungeon.
             The game lasted 00:01:47 (1169 turns).

Kinoniko the Skirmisher (Draconian Berserker)       Turns: 1169, Time: 00:01:48

Health: -2/33      AC:  5    Str: 19    XL:     3   Next: 85%
Magic:  3/3        EV: 12    Int:  7    God:    Trog [**....]
Gold:   20         SH:  3    Dex: 11    Spells: 2/2 levels left

rFire    . . .     SeeInvis .   a - +0 falchion
rCold    . . .     Faith    .   b - +0 buckler
rNeg     . . .     Spirit   .   (armour unavailable)
rPois    .         Reflect  .   (helmet restricted)
rElec    .         Harm     .   (no cloak)
rCorr    .         Rampage  .   (no gloves)
MR       .....     Rnd*Tele +   (no boots)
Stlth    +.........             (no amulet)
HPRegen  0.11/turn              f - ring of teleportation (curse)
MPRegen  0.08/turn              (no ring)

@: no status effects
A: unfitting armour, cold-blooded, AC +5
a: Berserk, Trog's Hand, Renounce Religion


You were on level 2 of the Dungeon.
You worshipped Trog.
Trog was pleased with you.
You visited 1 branch of the dungeon, and saw 2 of its levels.

You collected 20 gold pieces.

Inventory:

Hand Weapons
 a - a +0 falchion (weapon)
Armour
 b - a +0 buckler (worn)
Jewellery
 f - a cursed ring of teleportation (left hand)
Potions
 c - a potion of cancellation
 d - a potion of lignification {unknown}
 e - a potion of brilliance {unknown}
 g - a potion of degeneration {unknown}
 i - a potion of flight {unknown}


   Skills:
 * Level 4.0 Fighting
 * Level 3.7 Long Blades
 + Level 2.9 Dodging
 * Level 1.4 Shields


You had 2 spell levels left.
You didn't know any spells.
Your spell library was empty.

Dungeon Overview and Level Annotations

Branches:
Dungeon (2/15)

Altars:


Innate Abilities, Weirdness & Mutations

Your plain brown scales are hard. (AC +5)
You cannot fit into any form of body armour.
You are cold-blooded and may be slowed by cold attacks.


Message History

There is an open door here.
You start resting.
HP restored.
There is an open door here.
A kobold is nearby!
A kobold is nearby!
A kobold is nearby!
As you read the scroll labeled KUOLUJAYMU, it crumbles to dust.
The creatures around you are filled with an inner flame!
It was a scroll of immolation.
Things that are here:
a +0 club; a scroll labeled AKKIKHL MIUGGI You closely miss the kobold.
The kobold hits you but does no damage.
You slash the kobold!
The kobold explodes!
The fiery explosion engulfs you! Trog accepts your kill.
You are engulfed in blazing flames.
Ouch! That really hurt!
You die...

...............
#................
##................
..................
..................
..................
......(...§§§.....
..........@§§.....
....!..).)§.§.....
.......).###############
.......).'.............#
.........#############.#
........... #......<#.#
..########## ##.######.#
# #.# #.# #.# #.#


There were no monsters in sight!

Vanquished Creatures
  Jessica (D:2)
  A dart slug (D:1)
  A leopard gecko (D:1)
  A giant cockroach (D:1)
  10 goblins
  5 hobgoblins
  5 kobolds
  2 bats (D:1)
  2 frilled lizards (D:1)
  3 rats (D:1)
31 creatures vanquished.

Notes
Turn   | Place    | Note
-------+----------+-------------------------------------------
     0 | D:1      | Kinoniko the Draconian Berserker began the quest for the
                  | Orb.
     0 | D:1      | Reached XP level 1. HP: 19/19 MP: 1/1
   217 | D:1      | Reached XP level 2. HP: 26/26 MP: 2/2
   522 | D:1      | Reached skill level 1 in Shields
   638 | D:1      | Reached XP level 3. HP: 28/33 MP: 3/3
   970 | D:2      | Noticed Jessica
   981 | D:2      | Killed Jessica
   981 | D:2      | Reached ** piety under Trog
   981 | D:2      | Reached skill level 4 in Fighting
  1169 | D:2      | Engulfed by a cloud of flame

Illustrated notes

Levels and vault maps discovered:
D:1:      lightli_arrival_farm, layout_basic
D:2:      layout_basic, uniq_jessica

Skill      XL: |  1  2  3 |
---------------+----------+-----
Shields        | 1 |  1.4
Fighting       | 4 |  4.0
Long Blades    | |  3.7
Dodging        | |  2.9

Action                   || total
-------------------------++-------
Melee: Falchion          ||    81
       Tailslap          ||    13
  Use: Scroll            ||     2
Armor: Skin              ||    29
Dodge: Dodged            ||    50
Block: Buckler           ||    21
       Rpst.: Falchion   ||    11

Table legend: (Time is in decaauts)
 A = Elapsed time spent in this place.
 B = Non-inter-level travel time spent in this place.
 C = Inter-level travel time spent in this place.
 D = Time resting spent in this place.
 E = Time spent auto-exploring this place.
 F = Levels seen in this place.
 G = Mean time per level.
                   A        B        C        D        E       F      G
               +--------+--------+--------+--------+--------+-----+--------+
         Total |   1205 |   1196 |      9 |    171 |    817 |   2 |  602.5 |
       Dungeon |   1205 |   1196 |      9 |    171 |    817 |   2 |  602.5 |
               +--------+--------+--------+--------+--------+-----+--------+

Top non-repeatable levels by time:
     D:1: 965 daAuts
     D:2: 240 daAuts
